 Dungeon Crawl Stone Soup version 0.20.1-1-g8b1a95d (webtiles) character file.

1489 dracheschreck the Cudgeler (level 9, -2/67 HPs)
             Began as a Human Fighter on Oct 29, 2017.
             Was a Follower of the Shining One.
             Slain by a two-headed ogre
             ... wielding a +0 giant club
              (13 damage)
             ... on level 8 of the Dungeon.
             The game lasted 01:05:42 (6958 turns).

dracheschreck the Cudgeler (Human Fighter)          Turns: 6958, Time: 01:05:43

Health: -2/67      AC: 11    Str: 20    XL:     9   Next: 7%
Magic:  9/9        EV:  9    Int:  8    God:    the Shining One [*.....]
Gold:   366        SH: 10    Dex: 13    Spells: 8/8 levels left

rFire    . . .     SeeInvis .   J - +0 mace
rCold    . . .     Gourm    .   c - +0 shield
rNeg     . . .     Faith    .   b - +0 scale mail
rPois    .         Spirit   .   W - +0 helmet
rElec    .         Reflect  .   (no cloak)
rCorr    .         Harm     .   p - +2 pair of gloves
MR       .....                  (no boots)
Stlth    ..........             v - amulet of rage
Regen    0.3/turn               (no ring)
MPRegen  0.2/turn               (no ring)

@: glowing
A: no striking features
a: Renounce Religion, Evoke Berserk Rage


You were on level 8 of the Dungeon.
You worshipped the Shining One.
The Shining One was aware of your devotion.
You were not hungry.

You visited 2 branches of the dungeon, and saw 9 of its levels.

You collected 366 gold pieces.

Inventory:

Hand Weapons
 a - a +0 flail
 q - a +6 dagger of protection
 y - a +0 arbalest
 I - a +0 shortbow
 J - a +0 mace (weapon)
 L - a +0 trident
 M - a +0 hunting sling
Missiles
 h - 63 sling bullets
 j - 251 stones
 k - 5 javelins of penetration
 t - 3 needles of sleeping
 x - a throwing net (quivered)
 C - 34 poisoned needles
 K - 34 arrows
 U - 8 tomahawks
Armour
 b - a +0 scale mail (worn)
 c - a +0 shield (worn)
 g - a +0 buckler
 m - a +0 scale mail
 p - a +2 pair of gloves (worn)
 R - a +0 chain mail
 S - a +0 shield
 V - a +0 leather armour
 W - a +0 helmet (worn)
Jewellery
 r - an uncursed amulet of magic regeneration
 v - an amulet of rage (around neck)
 w - a +1 ring of slaying {unknown}
Wands
 n - a wand of confusion (24/48)
Scrolls
 l - a scroll of enchant weapon {unknown}
 o - 3 scrolls of teleportation
 s - 4 scrolls of identify {unknown}
 A - a scroll of enchant armour {unknown}
 B - 3 scrolls of remove curse {unknown}
 E - a scroll of recharging {unknown}
 F - a scroll of immolation {unknown}
 Y - a scroll of blinking {unknown}
Potions
 d - a potion of might
 e - a potion of berserk rage {Penis}
 u - 2 potions of agility {unknown}
 z - 2 potions of haste {unknown}
 D - a potion of lignification {unknown}
 H - a potion of degeneration {unknown}
 N - a potion of brilliance {unknown}
 O - 2 potions of curing {unknown}
 P - a potion of heal wounds
 Q - 2 potions of flight {unknown}
Comestibles
 f - a bread ration
 i - 2 royal jellies
 G - 2 meat rations


   Skills:
 + Level 4.8 Fighting
 + Level 7.2 Maces & Flails
 + Level 5.3 Armour
 + Level 2.1 Dodging
 + Level 0.7 Stealth
 + Level 5.6 Shields


You had 8 spell levels left.
You didn't know any spells.

Dungeon Overview and Level Annotations

Branches:
Dungeon (8/15)             Temple (1/1) D:4
   Lair: D:8-11

Altars:
Cheibriados
Elyvilon
Kikubaaqudgha
Makhleb
Okawaru
Qazlal
Trog
Uskayaw
Yredelemnul
The Shining One


Message History

You block the two-headed ogre's attack. x2
You hit the two-headed ogre.
The two-headed ogre is lightly wounded.
You block the two-headed ogre's attack. The two-headed ogre barely misses you.
You hit the two-headed ogre.
The two-headed ogre is lightly wounded.
The two-headed ogre hits you with a giant club! x2
The two-headed ogre closely misses you. x2
There is a stone staircase leading up, spattered with blood here.
You can't go down here!
You climb upwards.
There is a stone staircase leading down here.
You block the two-headed ogre's attack.
The two-headed ogre hits you with a giant club.
You climb downwards.
There is a stone staircase leading up, spattered with blood here.
The two-headed ogre hits you with a giant club!!
* * * LOW HITPOINT WARNING * * *
The two-headed ogre hits you with a giant club!
You die...

##..## ..... ##..##
..... #...# .....
#########...# .....
##..........#......
............##.....
.[..........# #....
............# #...
#####...@..## ##.
####.O## ####


You could see a two-headed ogre.

Vanquished Creatures
  A sky beast (D:6)
  3 ogres
  2 centaurs (D:7)
  3 bullfrogs
  3 scorpions
  A crimson imp (D:6)
  A centaur skeleton (D:5)
  2 orc priests (D:4)
  2 bullfrog skeletons
  An iguana (D:7)
  Ijyb (D:5)
  7 orc wizards (D:4)
  2 worker ants
  3 gnolls (D:4)
  7 adders
  A howler monkey skeleton (D:4)
  2 oozes
  A worm (D:4)
  3 leopard geckos
  18 orcs
  7 giant cockroaches
  6 goblins
  3 hobgoblins
  2 jackals (D:4)
  4 kobolds
  4 quokkas
  A ball python (D:2)
  A ball python skeleton (D:4)
  5 bats
  A frilled lizard (D:4)
  8 rats
106 creatures vanquished.

Vanquished Creatures (others)
  3 kobolds (D:7)
3 creatures vanquished.

Grand Total: 109 creatures vanquished

Notes
Turn   | Place    | Note
-------+----------+-------------------------------------------
     0 | D:1      | dracheschreck the Human Fighter began the quest for the Orb.
     0 | D:1      | Reached XP level 1. HP: 18/18 MP: 1/1
   355 | D:2      | Reached XP level 2. HP: 21/24 MP: 2/2
   356 | D:2      | Found a glowing golden altar of the Shining One.
   403 | D:2      | Reached XP level 3. HP: 14/29 MP: 3/3
   706 | D:2      | Became a worshipper of the Shining One
  1000 | D:2      | Found an iron altar of Okawaru.
  2495 | D:3      | Reached XP level 4. HP: 35/35 MP: 4/4
  3254 | D:4      | Noticed an ogre
  3268 | D:4      | Reached skill level 3 in Maces & Flails
  3275 | D:4      | Reached XP level 5. HP: 37/41 MP: 5/5
  3290 | D:4      | The Shining One protects you from harm!
  3294 | D:4      | Killed an ogre
  3294 | D:4      | Reached skill level 4 in Maces & Flails
  3294 | D:4      | Reached XP level 6. HP: 19/47 MP: 6/6
  3968 | D:4      | Found a staircase to the Ecumenical Temple.
  3980 | Temple   | Entered the Ecumenical Temple
  4148 | D:4      | Reached XP level 7. HP: 34/53 MP: 7/7
  4186 | D:4      | Reached skill level 1 in Dodging
  4212 | D:4      | Reached * piety under the Shining One
  4213 | D:4      | Reached skill level 5 in Maces & Flails
  4357 | D:5      | Entered Level 5 of the Dungeon
  4572 | D:5      | Noticed Ijyb
  4622 | D:5      | Killed Ijyb
  4762 | D:5      | Found a bloodstained altar of Trog.
  4767 | D:5      | Found a hide-covered altar of Uskayaw.
  4776 | D:5      | Found a burning altar of Makhleb.
  4776 | D:5      | Found a snail-covered altar of Cheibriados.
  4776 | D:5      | Found a stormy altar of Qazlal.
  4781 | D:5      | Found an ancient bone altar of Kikubaaqudgha.
  4905 | D:5      | Reached XP level 8. HP: 39/60 MP: 8/8
  5124 | D:6      | Reached skill level 6 in Maces & Flails
  5144 | D:6      | Reached skill level 5 in Shields
  5646 | D:6      | Reached skill level 5 in Armour
  6427 | D:7      | Reached skill level 7 in Maces & Flails
  6427 | D:7      | Reached XP level 9. HP: 44/66 MP: 9/9
  6641 | D:7      | Found a basalt altar of Yredelemnul.
  6778 | D:7      | Found a white marble altar of Elyvilon.
  6930 | D:8      | Noticed a two-headed ogre
  6958 | D:8      | Slain by a two-headed ogre

Skill      XL: |  1  2  3  4  5  6  7  8 |
---------------+-------------------------+-----
Maces & Flails | 3 4 5 7 |  7.2
Armour         | 4 5 |  5.3
Shields        | 4 5 |  5.6
Dodging        | 1 2 |  2.1
Fighting       | 4 |  4.8
Stealth        | |  0.7

Action                   |  1- 3 |  4- 6 |  7- 9 || total
-------------------------+-------+-------+-------++-------
Melee: Flail             |   134 |   103 |       ||   237
       Mace              |       |    20 |   222 ||   242
  Use: Scroll            |     1 |       |     1 ||     2
       Potion            |       |     2 |     1 ||     3
  Eat: Bread ration      |     2 |       |     2 ||     4
       Meat ration       |       |     1 |       ||     1
Armor: Scale mail        |    95 |    52 |    75 ||   222
Dodge: Dodged            |    64 |    31 |    70 ||   165
Block: Shield            |    85 |    54 |   110 ||   249
